 Dungeon Crawl Stone Soup version 0.28.0 (webtiles) character file.

Game seed: 10540485026838447992

10467 Hasart the Slasher (level 11, -1/99 (136) HPs)
             Began as a Demigod Fighter on Feb 16, 2022.
             Slain by a minotaur (8 damage)
             ... in a Gauntlet.
             The game lasted 00:27:58 (12743 turns).

Hasart the Slasher (Demigod Fighter)               Turns: 12743, Time: 00:27:58

HP:   -1/99 (136)   AC: 39    Str: 29    XL:     11   Next: 14%
MP:   14/14         EV:  2    Int: 10    God:
Gold: 546           SH:  0    Dex: 25    Spells: 10/10 levels left

rFire   . . .      SeeInvis .   G - +7 staff of the Meek {protect, meekguard}
rCold   . . .      Faith    .   (shield currently unavailable)
rNeg    . . .      Spirit   .   (armour currently unavailable)
rPois   +          Reflect  .   (helmet currently unavailable)
rElec   .          Harm     .   (cloak currently unavailable)
rCorr   .          Rampage  .   (gloves currently unavailable)
Will    +....      NoTele   +   (boots currently unavailable)
Stlth   ++........              H - amulet of regeneration
HPRegen 1.06/turn               p - +6 ring of dexterity
MPRegen 0.14/turn               J - +6 ring of dexterity

@: mighty, tree-form, under a protective aura, on berserk cooldown, slowed,
studying Long Blades, very heavily drained, very slow
A: stationary, stasis, torment immunity, boosted hp, high MP 1, forlorn, divine
attributes
a: no special abilities


You were in a Gauntlet.
You were a tree.
You visited 1 branch of the dungeon, and saw 11 of its levels.
You also visited: Ossuary and Gauntlet.

You collected 546 gold pieces.

Inventory:

Hand Weapons
 a - a +0 long sword
 c - a +4 great sword of chaos
 B - a +1 dagger of venom
 G - the +7 staff of the Meek (weapon) {protect, meekguard}
   (You took it off an orc wizard on level 6 of the Dungeon)

   It grants its wielder temporary protection when it strikes (+7 to AC).
   It provides extra protection to wielders with little health.
Missiles
 s - 10 boomerangs
 u - 21 poisoned darts (quivered)
 F - 5 throwing nets
 L - 4 javelins
Armour
 n - a +2 hat (melded)
 v - a +1 pair of gloves (melded)
 I - the +1 robe of the Hills (melded) {rElec Regen+}
   (You found it on level 6 of the Dungeon)

   rElec:     It insulates you from electricity.
   Regen:     It increases your rate of health regeneration.
Jewellery
 h - a ring of positive energy
 p - a +6 ring of dexterity (left branch)
 E - a ring of flight
 H - an amulet of regeneration (around neck)
 J - a +6 ring of dexterity (right branch)
 N - the ring of Cowardice {rC+ rCorr SInv}
   (You found it in a Gauntlet)

   [ring of protection from cold]

   rC:        It protects you from cold.
   SInv:      It lets you see invisible.
   rCorr:     It protects you from acid and corrosion.
 P - a ring of willpower
 S - a ring of wizardry
Wands
 y - a wand of acid (8)
 K - a wand of iceblast (8)
 R - a wand of mindburst (1)
Scrolls
 f - 3 scrolls of magic mapping
 j - 6 scrolls of teleportation
 m - a scroll of enchant armour
 o - 2 scrolls of fear
 q - 3 scrolls of blinking
 t - a scroll of amnesia
 M - a scroll of immolation
 O - a scroll of fog
Potions
 b - 3 potions of brilliance {unknown}
 d - 4 potions of curing
 e - 2 potions of heal wounds
 g - 2 potions of berserk rage
 i - 2 potions of lignification
 k - 2 potions of attraction {unknown}
 l - a potion of flight {unknown}
 r - 5 potions of cancellation {unknown}
 w - a potion of mutation {unknown}
 x - 3 potions of degeneration {unknown}
 z - 2 potions of resistance {unknown}
 A - a potion of might
 C - 2 potions of haste {unknown}
 D - 2 potions of invisibility {unknown}


   Skills:
 + Level 6.7 Fighting
 + Level 7.4 Long Blades
 + Level 5.3 Staves
 + Level 5.3 Throwing
 + Level 6.8 Armour
 + Level 6.0 Dodging
 + Level 6.8 Shields
 + Level 2.6 Evocations


You had 10 spell levels left.
You didn't know any spells.
Your spell library contained the following spells:

 Spells                   Type           Power      Damage    Failure   Level
 Animate Skeleton         Necr           0%         N/A       36%         1
 Pain                     Necr           0%         1d4       36%         1
 Ensorcelled Hibernation  Hex/Ice        0%         N/A       50%         2
 Scorch                   Fire           0%         2d5       50%         2
 Static Discharge         Conj/Air       0%         N/A       50%         2
 Conjure Flame            Conj/Fire      0%         6-21      75%         3
 Ignite Poison            Fire/Tmut/Pois 0%         N/A       75%         3
 Portal Projectile        Hex/Tloc       0%         N/A       75%         3
 Spider Form              Tmut/Pois      0%         N/A       75%         3
 Vampiric Draining        Necr           0%         2d6       75%         3
 Anguish                  Hex/Necr       0%         N/A       98%         4
 Flame Wave               Conj/Fire      0%         2d4       98%         4
 Sticky Flame             Conj/Fire      0%         2d3       98%         4
 Blade Hands              Tmut           0%         N/A       100%        5
 Excruciating Wounds      Necr           0%         N/A       100%        5
 Iskenderun's Battlesphe  Conj           0%         2d6       100%        5
 Lightning Bolt           Conj/Air       0%         1d11      100%        5
 Iron Shot                Conj/Erth      0%         9d1       100%        6
 Summon Cactus Giant      Summ           0%         N/A       100%        6
 Spellforged Servitor     Conj/Summ      0%         N/A       100%        7
 Maxwell's Capacitive Co  Air            0%         ∞         100%        8


Dungeon Overview and Level Annotations

Branches:
Dungeon (11/15)            Temple (0/1) D:4            Lair (0/6) D:8
    Orc (0/2) D:11        Ossuary (visited)         Gauntlet (1/1)

Shops:
D:3 ?   D:7 *=

Portals:
Abyss: D:7

Annotations:
D:7 2 transporters, anonymous's ghost, novice NaGl
D:8 3 runed translucent doors, Discosetron's ghost, novice DjAE; Skimidon's ghost, novice GrEE
D:9 1 runed translucent door, Camille's ghost, novice GrEE Gauntlet 8 transporters, exclusion: obsidian statue


Innate Abilities, Weirdness & Mutations

You are a tree.
Your roots penetrate the ground, keeping you stationary.
You cannot be teleported.
You are immune to unholy pain and torment.
Your maximum health is greatly increased.
Your equipment is partially melded.
You have an increased reservoir of magic. (+10% MP)
You shall have no god before yourself.
Your divine heritage dramatically boosts your attributes as you level up.


Message History

You sock the minotaur!
The minotaur is moderately wounded.
You are no longer berserk.
You are exhausted.
You feel yourself slow down.
You bludgeon the minotaur!!
The minotaur is severely wounded.
The minotaur hits you with a +3 eveningstar of draining!!
You feel drained. The minotaur gores you!
* * * LOW HITPOINT WARNING * * *
The minotaur barely misses you.
The minotaur gores you but does no damage.
Really quaff the potion of lignification?
You turn into a tree.
Your +2 hat melds into your body.
Your +1 pair of gloves melds into your body.
The +1 robe of the Hills {rElec Regen+} melds into your body.
Your roots penetrate the ground.
The minotaur hits you but does no damage.
You feel drained.
The minotaur gores you but does no damage.
You feel much better.
The minotaur hits you with a +3 eveningstar of draining!
You feel drained. The minotaur barely misses you.
The minotaur hits you but does no damage.
You feel drained.
The minotaur gores you but does no damage.
Unknown command.
You sock the minotaur!
The minotaur is severely wounded.
The minotaur hits you with a +3 eveningstar of draining!!
* * * LOW HITPOINT WARNING * * *
You feel drained.
* * * LOW HITPOINT WARNING * * *
The minotaur gores you.
* * * LOW HITPOINT WARNING * * *
You feel much better.
The minotaur hits you with a +3 eveningstar of draining!!
* * * LOW HITPOINT WARNING * * *
You feel drained.
You die...

3.33#..≈#### ##
#####..###.##....#
.......##..##.##.#
#####..#......##.#
#.#©#..#...##.##.# #
#..##.8#.©.##....#.# ≈#
#.}.#..#...##.##.#.#.≈≈#
©####.∩#.©....##.H...∩≈#
^..^#..#...##.##♣#
###.#.8#.©.##....#
....#..#...##.##.#
#####..#......##.#
.......##..##.##.#
#####..###.##....#
2..h#..≈##########
...?#.§## #..[#.§§#


You could see a minotaur.

Vanquished Creatures
  Harold (D:6)
  Pikel (D:7)
  A necromancer (Gauntlet)
  Joseph (D:8)
  Maggie (D:6)
  3 trolls
  A hornet (D:11)
  Prince Ribbit (D:9)
  2 wyverns
  A wraith (D:10)
  A shadow (D:8)
  Sigmund (D:2)
  A basilisk (D:8)
  A vampire (D:10)
  4 yaks
  Menkaure (D:7)
  2 acid dragons
  6 water moccasins
  An ice beast (D:8)
  A black bear (D:8)
  2 orc warriors
  8 wolves
  A necrophage (D:6)
  3 ogres
  3 centaurs
  2 phantoms
  A kobold brigand (D:9)
  2 bullfrogs
  A gnoll sergeant (D:8)
  11 scorpions
  A water moccasin skeleton (D:5)
  8 killer bees
  5 wights (D:8)
  2 centaur zombies (D:10)
  A jelly (D:5)
  A human zombie (Ossuary)
  4 orc priests
  3 hounds
  2 bullfrog skeletons
  4 iguanas
  6 scorpion zombies (Ossuary)
  Natasha (thrice) (D:2)
  8 orc wizards
  A statue (D:9)
  A hound skeleton (D:4)
  3 mummies (Ossuary)
  8 gnolls
  An adder (D:6)
  A shadow imp (D:5)
  2 white imps (D:7)
  An adder zombie (D:5)
  A worm (D:3)
  A dart slug (D:1)
  23 orcs
  5 ball pythons
  3 bats
  9 endoplasms
  9 giant cockroaches
  7 goblins
  4 hobgoblins
  8 jackals
  6 kobolds
  10 quokkas
  3 frilled lizards
  2 gnoll zombies (Ossuary)
  2 goblin zombies (Ossuary)
  5 hobgoblin zombies (Ossuary)
  2 kobold zombies (Ossuary)
  4 orc zombies (Ossuary)
  7 rats
243 creatures vanquished.

Vanquished Creatures (others)
  10 plants
  9 withered plants
19 creatures vanquished.

Grand Total: 262 creatures vanquished

Notes
Turn   | Place    | Note
-------+----------+-------------------------------------------
     0 | D:1      | Hasart the Demigod Fighter began the quest for the Orb.
     0 | D:1      | Reached XP level 1. HP: 18/18 MP: 3/3
   135 | D:1      | Reached skill level 2 in Long Blades
   238 | D:1      | Reached XP level 2. HP: 25/25 MP: 4/4
   845 | D:2      | Noticed Sigmund
   852 | D:2      | Killed Sigmund
   853 | D:2      | Reached skill level 3 in Long Blades
   853 | D:2      | Reached skill level 1 in Dodging
   853 | D:2      | Reached XP level 3. HP: 24/31 MP: 5/5
   853 | D:2      | Reached XP level 4. HP: 30/38 MP: 6/6
   853 | D:2      | Reached XP level 5. HP: 36/45 MP: 7/7
  1204 | D:2      | Noticed Natasha
  1212 | D:2      | Killed Natasha
  1344 | D:2      | Noticed Natasha
  1354 | D:2      | Killed Natasha
  2215 | D:2      | Noticed Natasha
  2250 | D:2      | Killed Natasha
  2836 | D:3      | Found Sinneoge's Magic Scroll Shop.
  3812 | D:4      | Noticed an ogre
  3831 | D:4      | Killed an ogre
  3832 | D:4      | Reached XP level 6. HP: 24/51 MP: 8/8
  4108 | D:4      | Reached skill level 4 in Long Blades
  4468 | D:4      | Reached XP level 7. HP: 40/58 MP: 9/9
  5156 | D:4      | Found a staircase to the Ecumenical Temple.
  5293 | D:5      | Entered Level 5 of the Dungeon
  5428 | D:5      | Found a sand-covered staircase.
  5537 | Ossuary  | Entered an ossuary
  5560 | Ossuary  | Reached skill level 1 in Throwing
  5842 | Ossuary  | Reached skill level 5 in Long Blades
  6200 | Ossuary  | Reached XP level 8. HP: 51/67 MP: 10/10
  7257 | D:5      | Reached skill level 6 in Long Blades
  7611 | D:5      | Reached skill level 5 in Armour
  8058 | D:6      | Reached skill level 5 in Shields
  8249 | D:6      | Reached skill level 5 in Fighting
  8671 | D:6      | Noticed Maggie
  8685 | D:6      | Killed Maggie
  8686 | D:6      | Reached skill level 1 in Staves
  8686 | D:6      | Reached XP level 9. HP: 22/74 MP: 11/11
  8692 | D:6      | Identified the +1 robe of the Hills {rElec Regen+}
  8788 | D:7      | Found Moawacsu's Assorted Antiques.
  8813 | D:7      | Noticed Pikel
  8834 | D:7      | Killed Pikel
  8987 | D:7      | Noticed an orange demon
  8994 | D:7      | Found a transporter.
  8996 | D:7      | Found a one-way gate to the infinite horrors of the Abyss.
  8996 | D:7      | Noticed anonymous's ghost (novice NaGl)
  9007 | D:7      | Found a transporter.
  9083 | D:7      | Noticed Menkaure
  9089 | D:7      | Killed Menkaure
  9259 | D:7      | Found Lokki's Jewellery Emporium.
  9261 | D:7      | Noticed Harold
  9289 | D:6      | Killed Harold
  9930 | D:8      | Reached skill level 5 in Dodging
 10019 | D:7      | Reached XP level 10. HP: 54/83 MP: 13/13
 10103 | D:8      | Found a staircase to the Lair.
 10217 | D:8      | Noticed Joseph
 10232 | D:8      | Killed Joseph
 10339 | D:8      | Found a runed translucent gate.
 10340 | D:8      | Found a runed translucent gate.
 10340 | D:8      | Found a runed translucent gate.
 10341 | D:8      | Noticed Discosetron's ghost (novice DjAE)
 10342 | D:8      | Noticed Skimidon's ghost (novice GrEE)
 10802 | D:9      | Reached skill level 1 in Evocations
 11060 | D:9      | Found a runed translucent door.
 11060 | D:9      | Noticed Camille's ghost (novice GrEE)
 11060 | D:9      | Noticed a +2 hand axe of chaos
 11126 | D:9      | Reached skill level 7 in Long Blades
 11126 | D:9      | Reached skill level 5 in Staves
 11201 | D:9      | Noticed Prince Ribbit
 11219 | D:9      | Killed Prince Ribbit
 11220 | D:9      | Reached skill level 5 in Throwing
 11428 | D:10     | Entered Level 10 of the Dungeon
 11910 | D:10     | Reached XP level 11. HP: 91/91 MP: 14/14
 12195 | D:11     | Found a gate leading to a gauntlet.
 12204 | Gauntlet | Entered a Gauntlet
 12204 | Gauntlet | Noticed a necromancer
 12204 | Gauntlet | Found a transporter.
 12204 | Gauntlet | Found a transporter.
 12206 | Gauntlet | Found a runed translucent door.
 12216 | Gauntlet | Found a transporter.
 12234 | Gauntlet | Found a transporter.
 12234 | Gauntlet | Found a transporter.
 12234 | Gauntlet | Noticed an obsidian statue
 12236 | Gauntlet | Found a transporter.
 12236 | Gauntlet | Found a transporter.
 12240 | Gauntlet | Noticed a sixfirhy
 12244 | Gauntlet | Noticed a sixfirhy
 12247 | Gauntlet | Noticed a sixfirhy
 12256 | Gauntlet | Found a transporter.
 12257 | Gauntlet | Noticed a sixfirhy
 12261 | Gauntlet | Found a transporter.
 12265 | Gauntlet | Noticed a hell beast
 12271 | Gauntlet | Noticed a hell beast
 12274 | Gauntlet | Found a transporter.
 12288 | Gauntlet | Found a transporter.
 12308 | Gauntlet | Found a transporter.
 12308 | Gauntlet | Found a transporter.
 12316 | Gauntlet | Noticed a wizard
 12320 | Gauntlet | Found a transporter.
 12537 | Gauntlet | Identified a scroll of acquirement
 12537 | Gauntlet | Acquired a manual of Long Blades
 12638 | Gauntlet | Killed a necromancer
 12690 | Gauntlet | Noticed a soul eater
 12690 | Gauntlet | Noticed a soul eater
 12713 | Gauntlet | Identified the ring of Cowardice {rC+ rCorr SInv}
 12726 | Gauntlet | Identified the +4 troll leather armour "Fegi" {Rampage
                  | rPois Regen+ MP+9}
 12726 | Gauntlet | Noticed a minotaur
 12743 | Gauntlet | Slain by a minotaur

Illustrated notes

Levels and vault maps discovered:
D:1:      minmay_arrival_glassed_features, layout_loops_ring,
          minmay_pentomino_z2
D:2:      layout_basic, uniq_natasha, uniq_sigmund
D:3:      layout_loops_corners, lemuel_coloured_pillars_altar,
          shapermc_ecumenical_altar_flowoftime, serial_shops,
          nicolae_shop_behind_doors
D:4:      nicolae_cairo_tiling_very_big, layout_cave_pools,
          mainiacjoe_overflow_24_doors, minmay_temple_entry_fiery,
          portal_sewer_entry_f, kennysheep_generic_room_3
D:5:      layout_loops_ring, nicolae_ossuary_entry_false_entrances
D:6:      layout_basic, mainiacjoe_overflow_boulevard, uniq_maggie
D:7:      layout_loops_ring, minitemple, gammafunk_ghost_abyssal_escape,
          serial_shops, shop, nicolae_take_the_stairs, uniq_harold,
          uniq_menkaure, uniq_pikel
D:8:      layout_basic, lemuel_doored_altar, minmay_lair_entry_grove,
          gammafunk_ghost_cemetery, uniq_joseph
D:9:      layout_roguey, vehumet_statue, amcnicky_altar_gilded,
          ebering_ghost_xom, uniq_prince_ribbit1
D:10:     layout_roguey, nicolae_wu_jian_immortal_techniques, wad_dig_loot
D:11:     layout_basic, zombieorc1_lemuel, gauntlet_entry_generic
Gauntlet: gammafunk_gauntlet_mixed_choke_point [minmay_gauntlet_arena_77_museum,
          minmay_gauntlet_arena_77_path, minmay_gauntlet_arena_77_two_paths,
          nicolae_gauntlet_arena_flowing_pool,
          minmay_gauntlet_arena_77_two_lines,
          minmay_gauntlet_arena_77_radiant_squares,
          minmay_gauntlet_arena_77_double_cross, gauntlet_exit_watery]

Skill      XL: |  1  2  3  4  5  6  7  8  9 10 11 |
---------------+----------------------------------+-----
Long Blades    | 2 3 4 5 6 7 |  7.4
Fighting       | 3 4 5 6 |  6.7
Armour         | 3 4 5 6 |  6.8
Dodging        | 1 2 3 4 5 6 |  6.0
Shields        | 3 4 5 6 |  6.8
Throwing       | 1 3 4 5 |  5.3
Staves         | 1 4 5 |  5.3
Evocations     | 2 |  2.6

Action                   |  1- 3 |  4- 6 |  7- 9 | 10-12 || total
-------------------------+-------+-------+-------+-------++-------
Melee: Long sword        |    55 |   183 |   237 |       ||   475
       Dagger            |       |     5 |   106 |       ||   111
       Quarterstaff      |       |       |   109 |   277 ||   386
Throw: Dart              |       |       |    26 |     4 ||    30
       Boomerang         |       |       |     2 |     8 ||    10
  Use: Potion            |     1 |       |       |     5 ||     6
       Scroll            |       |       |    14 |     4 ||    18
 Stab: Sleeping          |       |       |       |     1 ||     1
Armor: Scale mail        |    28 |    86 |   118 |       ||   232
       Robe              |       |       |    24 |   109 ||   133
       Skin              |       |       |       |     4 ||     4
Dodge: Dodged            |    22 |   105 |   235 |   244 ||   606
Block: Buckler           |    15 |    51 |    72 |       ||   138
